 Dungeon Crawl Stone Soup version 0.19.4-9-g45fd643 (webtiles) character file.

253 Gargoyl the Skirmisher (level 6, 0/53 HPs)
             Began as a Ghoul Abyssal Knight on Feb 18, 2017.
             Was a Believer of Lugonu.
             Slain by a jelly (3 damage)
             ... on level 3 of the Dungeon.
             The game lasted 00:05:27 (1976 turns).

Gargoyl the Skirmisher (Ghoul Abyssal Knight)       Turns: 1976, Time: 00:05:28

Health: 0/53       AC:  0    Str: 16    XL:     6   Next: 14%
Magic:  7/7        EV: 11    Int:  7    God:    Lugonu [**....]
Gold:   127        SH:  3    Dex: 10    Spells: 0 memorised, 5 levels left

rFire  . . .     SeeInvis +     a - +2 hand axe
rCold  + . .     Gourm    .     b - +1 leather armour
rNeg   + + +     Faith    .     (no shield)
rPois  ∞         Spirit   .     x - +0 helmet
rElec  .         Reflect  +     t - +2 cloak
rCorr  .         Harm     .     u - +2 pair of gloves
MR     .....                    (no boots)
Stlth  +.........               e - +3 amulet of reflection
                                (no ring)
                                r - ring of see invisible

@: corroded, flying, rotting
A: rotting body, claws 1, carnivore 3, cold resistance 1, negative energy
resistance 3, slow regeneration 1, torment resistance, unbreathing
a: Depart the Abyss, Bend Space, Renounce Religion


You were on level 3 of the Dungeon.
You worshipped Lugonu.
Lugonu was pleased with you.
You were not hungry.

You visited 1 branch of the dungeon, and saw 3 of its levels.
You visited the Abyss 1 time.

You collected 127 gold pieces.

Inventory:

Hand Weapons
 a - a +2 hand axe (weapon)
Armour
 b - a +1 leather armour (worn)
 t - a +2 cloak (worn)
 u - a +2 pair of gloves (worn)
 x - a +0 helmet (worn)
Jewellery
 e - a +3 amulet of reflection (around neck)
 k - a cursed amulet of inaccuracy {unknown}
 r - a ring of see invisible (left hand)
Wands
 d - a wand of flame (14/48)
Scrolls
 j - a scroll of fear
 n - a scroll of enchant weapon
 o - a scroll of remove curse
 w - a scroll of amnesia
Potions
 l - 2 potions of might
 m - a potion of berserk rage
 p - 2 potions of heal wounds
Books
 q - a book of Maledictions

   Spells                             Type                      Level
   a - Corona                         Hexes                        1
   b - Ensorcelled Hibernation        Hexes/Ice                    2
   c - Confuse                        Hexes                        3
   d - Tukima's Dance                 Hexes                        3
   e - Dazzling Spray                 Conjuration/Hexes            3
Comestibles
 c - 3 meat rations
 f - a beef jerky
 i - a royal jelly
 v - 3 chunks of flesh


   Skills:
 + Level 4.3 Fighting
 + Level 3.3 Axes
 * Level 2.7 Armour
 + Level 1.6 Dodging
 * Level 3.6 Invocations
 + Level 0.3 Evocations


You had 5 spell levels left.
You didn't know any spells.

Dungeon Overview and Level Annotations

Branches:
Dungeon (3/15)

Altars:
Makhleb


Innate Abilities, Weirdness & Mutations

Your body is rotting away.
You thrive on raw meat.
You are immune to poison.
You have sharp fingernails.
You are carnivorous and can eat meat at any time.
Your flesh is cold resistant. (rC+)
You are immune to negative energy. (rN+++)
You regenerate slowly when monsters are visible.
You are immune to unholy pain and torment.
You can survive without breathing.


Message History

The bat closely misses you. The bat hits you.
Okay, then.
The bat barely misses you. The quokka bites you. The bat hits you.
You barely miss the quokka. You hit the bat but do no damage. The bat hits you.
* * * LOW HITPOINT WARNING * * *
The bat hits you.
* * * LOW HITPOINT WARNING * * *
You block the quokka's attack. The bat hits you.
* * * LOW HITPOINT WARNING * * *
The quokka bites you.
* * * LOW HITPOINT WARNING * * *
You barely miss the quokka. You hit the bat but do no damage.
The bat barely misses you. The quokka misses you.
Unknown command.
You hit the quokka but do no damage. You hit the jelly.
Your hands burn!
* * * LOW HITPOINT WARNING * * *
The quokka bites you.
* * * LOW HITPOINT WARNING * * *
The jelly hits you.
You die...

##..#.#.##..######
#<...###.........#
.######..)..#.)#..####.#
.............#.........(
######.....##..........
## ####.g....%....####<.
..
......######.#.#######
.# #.####r# #.#........
.#. #@# #.#######.. #..
#.# #J## #.# ##. #.. #.#
#b.# #.# ## #.. ####.#
#..# #.# # #.. #....#
#..# #.# #
#..###.##.######..#####
#
#........#...#..........
#
#.#....##.........######
# #.#.#####....#.##.# #


You could see a jelly, a quokka, a goblin (wandering) and a bat.

Vanquished Creatures
  An ogre (D:3)
  A crimson imp (D:2)
  Crazy Yiuf (D:2)
  Natasha (D:3)
  3 adders
  6 dart slugs
  4 giant cockroaches
  5 goblins
  4 hobgoblins
  5 kobolds
  3 quokkas (D:3)
  3 ball pythons
  5 bats
  A frilled lizard (D:2)
  5 rats
48 creatures vanquished.

Notes
Turn   | Place    | Note
-------+----------+-------------------------------------------
     0 | Abyss:1  | Gargoyl the Ghoul Abyssal Knight began the quest for the Orb.
     0 | Abyss:1  | Reached XP level 1. HP: 19/19 MP: 1/1
    59 | Abyss:2  | Noticed an ancient zyme
    60 | D:1      | Escaped the Abyss
   114 | D:1      | Reached * piety under Lugonu
   226 | D:1      | Reached XP level 2. HP: 26/26 MP: 2/2
   792 | D:2      | Found a burning altar of Makhleb.
   792 | D:2      | Noticed a crimson imp
   799 | D:2      | Killed a crimson imp
   799 | D:2      | Reached skill level 1 in Dodging
   799 | D:2      | Reached XP level 3. HP: 31/33 MP: 2/4
   931 | D:2      | Reached XP level 4. HP: 35/40 MP: 5/5
  1130 | D:2      | Reached skill level 4 in Fighting
  1450 | D:2      | Found a runed door.
  1536 | D:2      | Noticed Crazy Yiuf
  1541 | D:2      | Killed Crazy Yiuf
  1577 | D:3      | Reached ** piety under Lugonu
  1613 | D:3      | Noticed Natasha
  1623 | D:3      | Killed Natasha
  1623 | D:3      | Reached XP level 5. HP: 32/46 MP: 6/6
  1865 | D:3      | Noticed an ogre
  1869 | D:3      | Killed an ogre
  1869 | D:3      | Reached XP level 6. HP: 53/53 MP: 7/7
  1952 | D:3      | HP: 2/53 [acid (7)]
  1968 | D:3      | HP: 2/53 [bat (1)]
  1976 | D:3      | Slain by a jelly

Skill      XL: |  1  2  3  4  5 |
---------------+----------------+-----
Armour         | 2 |  2.7
Axes           | 2 3 |  3.3
Dodging        | 1 |  1.6
Fighting       | 4 |  4.3
Invocations    | 3 |  3.6
Evocations     | |  0.3

Action                   |  1- 3 |  4- 6 || total
-------------------------+-------+-------++-------
Melee: Hand axe          |    57 |   106 ||   163
Invok: Depart the Abyss  |     1 |       ||     1
Evoke: Wand              |       |     4 ||     4
  Use: Scroll            |     8 |     3 ||    11
       Potion            |       |     7 ||     7
  Eat: Chunk             |     6 |    12 ||    18
Armor: Leather armour    |    17 |    50 ||    67
Dodge: Dodged            |    44 |    95 ||   139
Block: Other             |    10 |    14 ||    24
